 Dungeon Crawl Stone Soup version 0.25-a0-815-gab441bd002 (webtiles) character file.

Game seed: 9460173304739173303, levelgen mode: deterministic

1271 Hartz the Geomancer (level 8, -4/41 HPs)
             Began as a Gargoyle Earth Elementalist on Apr 20, 2020.
             Killed from afar by an orc (15 damage)
             ... with a bolt of acid
             ... on level 4 of the Dungeon.
             The game lasted 00:12:12 (4192 turns).

Hartz the Geomancer (Gargoyle Earth Elementalist)   Turns: 4192, Time: 00:12:13

Health: -4/41      AC:  8    Str: 11    XL:     8   Next: 53%
Magic:  1/16       EV: 14    Int: 19    God:
Gold:   113        SH:  0    Dex: 10    Spells: 9/18 levels left

rFire    . . .     SeeInvis .   e - +3 trident
rCold    . . .     Gourm    .   (no shield)
rNeg     + . .     Faith    .   c - +0 robe
rPois    ∞         Spirit   .   i - +0 helmet (curse)
rElec    +         Reflect  .   (no cloak)
rCorr    .         Harm     .   (no gloves)
MR       .....                  (no boots)
Stlth    ++........             (no amulet)
HPRegen  0.13/turn              (no ring)
MPRegen  0.15/turn              (no ring)

@: about to teleport
A: talons 1, repulsion field 1, mutation resistance 1, negative energy
resistance 1, electricity resistance, unbreathing, petrification resistance, rot
immunity, AC +5
a: no special abilities


You were on level 4 of the Dungeon.
You were not hungry.

You visited 1 branch of the dungeon, and saw 5 of its levels.

You collected 113 gold pieces.

Inventory:

Hand Weapons
 e - a +3 trident (weapon)
 l - a +1 dagger of venom
 t - a +0 flail
Missiles
 b - 64 stones (quivered)
 g - a throwing net
Armour
 c - a +0 robe (worn)
 h - a +1 helmet
 i - a cursed +0 helmet (worn)
Wands
 p - a wand of polymorph (5)
 q - a wand of random effects (5)
Scrolls
 m - 3 scrolls of enchant weapon
 s - 2 scrolls of identify
Potions
 a - 2 potions of berserk rage
Comestibles
 d - 7 rations
 r - 4 chunks of flesh


   Skills:
 - Level 1.5 Dodging
 - Level 2.1 Stealth
 + Level 5.7 Spellcasting
 + Level 5.9 Conjurations
   Level 0.7 Transmutations
 + Level 8.0 Earth Magic


You had 9 spell levels left.
You knew the following spells:

 Your Spells              Type           Power        Failure   Level  Hunger
a - Sandblast             Erth           #####.       1%          1    None
b - Stone Arrow           Conj/Erth      ####..       1%          3    ##.....
c - Lee's Rapid Deconstr  Erth           #####.....   12%         5    #####..

Your spell library contained the following spells:

 Spells                   Type           Power        Failure   Level  Hunger
 Passwall                 Tmut/Erth      ###.....     3%          2    None
 Petrify                  Tmut/Erth      ###.....     19%         4    ####...


Dungeon Overview and Level Annotations

Branches:
Dungeon (5/15)             Temple (0/1) D:4

Altars:
Kikubaaqudgha
Yredelemnul

Annotations:
D:4 Natasha


Innate Abilities, Weirdness & Mutations

You are resistant to torment.
Your stone body is resilient. (AC +5)
You are immune to poison.
You resist negative energy. (rN+)
You are resistant to electric shocks. (rElec)
You can survive without breathing.
You are immune to petrification.
You are immune to rotting.
You have sharp toenails.
You are surrounded by a mild repulsion field. (EV +2)
You are somewhat resistant to further mutation.


Message History

An orc comes into view. It is wielding a +0 mace.
You barely miss the howler monkey. Your kick misses the howler monkey.
The howler monkey barely misses you.
Natasha, Servant of Life and Death comes into view.
The howler monkey closely misses you.
You hit the howler monkey.
The howler monkey is lightly wounded.
Natasha howls an incantation.
You feel disoriented. The howler monkey hits you.
The orc zaps a wand.
The bolt of acid hits you!
You are splashed with acid!
* * * LOW HITPOINT WARNING * * *
You feel better. The howler monkey misses you.
The orc zaps a wand.
The bolt of acid misses you.
As you read the scroll of teleportation, it crumbles to dust.
You feel strangely unstable. The howler monkey barely misses you.
The orc barely misses you. The howler monkey barely misses you.
The howler monkey hoots and howls with incredible vigour!
The orc zaps a wand.
The bolt of acid hits you!
You die...

#...... ###....)...<.#
#...... ##.......)...>#
##......###..#..........#
.......#....##..........#
............##..........#
##..........#######.#####
#......##.## #.#
#..........# #.#
......###@.# #.# ......
##.#### ......####oo..#
..........h##...#
........h...# #...
............# ##
...⌠.>.⌠.# .........#
.....⌠...#


You could see a howler monkey and 2 orcs.

Vanquished Creatures
  Sigmund (D:4)
  Edmund (D:4)
  A sky beast (D:5)
  A phantom (D:4)
  An ogre (D:3)
  A crimson imp (D:5)
  A jelly (D:5)
  5 gnoll shamans (D:3)
  Jessica (D:2)
  2 worker ants
  A killer bee zombie (D:5)
  Robin (D:2)
  26 gnolls (D:3)
  5 adders
  An ooze (D:2)
  4 worms
  2 dart slugs
  A leopard gecko (D:2)
  2 orcs (D:3)
  A ball python (D:2)
  13 bats
  A giant cockroach (D:2)
  15 goblins
  10 hobgoblins
  21 jackals
  A quokka (D:2)
  3 frilled lizards
  9 kobolds
  6 rats
  A spectral orc (D:3)
139 creatures vanquished.

Notes
Turn   | Place    | Note
-------+----------+-------------------------------------------
     0 | D:1      | Hartz the Gargoyle Earth Elementalist began the quest for
                  | the Orb.
     0 | D:1      | Reached XP level 1. HP: 10/10 MP: 3/3
   136 | D:1      | You fall into a shaft and drop 1 floor!
   144 | D:2      | Noticed Jessica
   157 | D:1      | Reached XP level 2. HP: 10/15 MP: 5/5
   164 | D:1      | Reached skill level 4 in Earth Magic
   764 | D:1      | Reached XP level 3. HP: 13/19 MP: 6/6
   776 | D:1      | Learned a level 3 spell: Stone Arrow
  1032 | D:2      | Found an ancient bone altar of Kikubaaqudgha.
  1288 | D:2      | Killed Jessica
  1288 | D:2      | Reached skill level 1 in Conjurations
  1288 | D:2      | Reached XP level 4. HP: 22/24 MP: 2/8
  1530 | D:2      | Noticed Robin
  1555 | D:2      | Reached skill level 5 in Earth Magic
  1623 | D:2      | Killed Robin
  1623 | D:2      | Reached XP level 5. HP: 27/28 MP: 6/9
  2024 | D:3      | Learned a level 5 spell: Lee's Rapid Deconstruction
  2264 | D:3      | Gained mutation: You have sharp toenails. [potion of
                  | mutation]
  2264 | D:3      | Gained mutation: You are somewhat resistant to further
                  | mutation. [potion of mutation]
  2264 | D:3      | Gained mutation: You are surrounded by a mild repulsion
                  | field. (EV +2) [potion of mutation]
  2422 | D:3      | You fall into a shaft and drop 2 floors!
  2422 | D:5      | Entered Level 5 of the Dungeon
  2519 | D:5      | Reached XP level 6. HP: 32/32 MP: 8/11
  2553 | D:5      | Noticed a sky beast
  2571 | D:5      | Killed a sky beast
  2726 | D:5      | Reached skill level 6 in Earth Magic
  2858 | D:4      | Noticed a phantom
  2873 | D:4      | Killed a phantom
  2873 | D:4      | Reached XP level 7. HP: 27/36 MP: 6/13
  3316 | D:3      | Found a basalt altar of Yredelemnul.
  3779 | D:3      | Reached skill level 7 in Earth Magic
  3781 | D:3      | Reached skill level 5 in Spellcasting
  3781 | D:3      | Reached skill level 5 in Conjurations
  3781 | D:3      | Reached XP level 8. HP: 21/41 MP: 1/15
  4126 | D:4      | Noticed Sigmund
  4131 | D:4      | Killed Sigmund
  4173 | D:4      | Found a staircase to the Ecumenical Temple.
  4174 | D:4      | Noticed Edmund
  4186 | D:4      | Killed Edmund
  4186 | D:4      | Reached skill level 8 in Earth Magic
  4187 | D:4      | Noticed Natasha
  4192 | D:4      | Killed from afar by an orc

Levels and vault maps discovered:
D:1:      minmay_arrival_arboretum_small, layout_basic
D:2:      layout_loops_ring, kiku_gazebo_garden_becter, uniq_jessica, uniq_robin
D:3:      lemuel_castle_with_subvaults [lemuel_castle_interior_carwin_2],
          layout_basic, yredelemnul_forgotten_temple_becter
D:4:      layout_rooms, kennysheep_little_box, temple_fountains, first_ration,
          uniq_sigmund, uniq_edmund, uniq_natasha
D:5:      layout_loops_corners, nicolae_overflow_crystal_walls

Skill      XL: |  1  2  3  4  5  6  7  8 |
---------------+-------------------------+-----
Earth Magic    | 4 5 6 7 8 |  8.0
Spellcasting   | 3 4 5 |  5.7
Conjurations   | 1 2 3 5 |  5.9
Dodging        | |  1.5
Stealth        | |  2.1
Transmutations | |  0.7

Action                   |  1- 3 |  4- 6 |  7- 9 || total
-------------------------+-------+-------+-------++-------
Melee: Short sword       |    32 |       |       ||    32
       Dagger            |    77 |   118 |    69 ||   264
       Kick              |       |     2 |    20 ||    22
       Trident           |       |       |    60 ||    60
 Cast: Sandblast         |    19 |    32 |    16 ||    67
       Lee's Rapid Decon |       |       |     3 ||     3
       Stone Arrow       |       |       |     5 ||     5
Evoke: Wand              |       |       |    22 ||    22
  Use: Scroll            |       |    10 |     3 ||    13
       Potion            |       |     1 |     4 ||     5
 Stab: Sleeping          |       |     5 |     2 ||     7
  Eat: Chunk             |     1 |     5 |     6 ||    12
Armor: Robe              |    57 |    51 |    36 ||   144
Dodge: Dodged            |    84 |    70 |   119 ||   273

Table legend:
 A = Non-vault XP
 B = Vault XP
 C = Vault XP percentage of total XP
 D = Non-vault monster count
 E = Vault monster count
 F = Vault count percentage of total count
                 A         B        C        D         E       F
            +---------+---------+-------+---------+---------+-------
      Total |     644 |    1173 |  64.6 |      74 |      65 |  46.8
            +---------+---------+-------+---------+---------+-------
        D:1 |      36 |       0 |   0.0 |      21 |       0 |   0.0
        D:2 |      82 |      71 |  46.4 |      25 |      12 |  32.4
        D:3 |     109 |     720 |  86.9 |      22 |      51 |  69.9
        D:4 |     129 |     382 |  74.8 |       1 |       2 |  66.7
        D:5 |     288 |       0 |   0.0 |       5 |       0 |   0.0
            +---------+---------+-------+---------+---------+-------
